 Dungeon Crawl Stone Soup version 0.27.1-34-g3ba077fa99 (webtiles) character file.

Game seed: 17782708963741370466

7 ticklebelly the Chopper (level 1, -2/20 HPs)
             Began as a Minotaur Berserker on Jan 4, 2022.
             Was a Follower of Trog.
             Slain by a kobold (5 damage)
             ... on level 1 of the Dungeon.
             The game lasted 00:00:36 (439 turns).

ticklebelly the Chopper (Minotaur Berserker)         Turns: 439, Time: 00:00:36

Health: -2/20      AC:  3    Str: 21    XL:     1   Next: 91%
Magic:  0/0        EV: 11    Int:  4    God:    Trog [*.....]
Gold:   45         SH:  0    Dex:  9    Spells: 0/0 levels left

rFire    . . .     SeeInvis .   a - +0 hand axe
rCold    . . .     Faith    .   (no shield)
rNeg     . . .     Spirit   .   e - +0 leather armour
rPois    .         Reflect  .   (helmet restricted)
rElec    .         Harm     .   (no cloak)
rCorr    .         Rampage  .   (no gloves)
Will     .....                  (no boots)
Stlth    +.........             (no amulet)
HPRegen  0.06/turn              (no ring)
MPRegen  0.07/turn              (no ring)

@: no status effects
A: horns 2, retaliatory headbutt
a: Renounce Religion, Berserk


You were on level 1 of the Dungeon.
You worshipped Trog.
Trog was aware of your devotion.
You visited 1 branch of the dungeon, and saw 1 of its levels.

You collected 45 gold pieces.

Inventory:

Hand Weapons
 a - a +0 hand axe (weapon)
Armour
 e - a +0 leather armour (worn)
Scrolls
 d - a scroll of identify {unknown}
Potions
 c - a potion of invisibility {unknown}


   Skills:
 + Level 4.0 Fighting
 + Level 4.0 Axes
 - Level 2.4 Armour
 - Level 2.1 Dodging


You couldn't memorise any spells.
You didn't know any spells.
Your spell library was empty.

Dungeon Overview and Level Annotations

Branches:
Dungeon (1/15)

Altars:


Innate Abilities, Weirdness & Mutations

You have a pair of horns on your head.
You reflexively headbutt those who attack you in melee.


Message History

You slash the giant cockroach!
You kill the giant cockroach!
Trog accepts your kill.
You see here a giant cockroach corpse.
You open the door.
A kobold comes into view. It is wielding a +0 short sword.
The kobold shouts!
A bat comes into view.
There is an open door here.
You closely miss the kobold. The bat closely misses you.
You furiously retaliate!
You headbutt the bat.
The kobold hits you with a +0 short sword.
You completely miss the kobold. The bat barely misses you.
The kobold hits you with a +0 short sword.
You hit the kobold. Your headbutt misses the kobold.
The kobold is moderately wounded.
The bat barely misses you. The bat closely misses you.
A frilled lizard comes into view.
The kobold hits you with a +0 short sword.
You miss the bat.
The bat is severely wounded.
You closely miss the kobold. The bat misses you. You furiously retaliate!
You headbutt the bat.
You kill the bat!
Trog accepts your kill.
The kobold hits you with a +0 short sword.
Your Fighting skill increases to level 4!
Your Axes skill increases to level 4!
You are too injured to fight recklessly!
You are too injured to fight recklessly!
You miss the kobold. Your headbutt misses the kobold.
The kobold hits you with a +0 short sword.
* * * LOW HITPOINT WARNING * * *
You closely miss the kobold. You headbutt the kobold.
The kobold is severely wounded.
The kobold hits you but does no damage.
You closely miss the kobold.
The kobold is severely wounded.
The kobold hits you with a +0 short sword.
You die...

.....##..##......#######
..##. ##.#####..........
..##.###..##....####..##
.......##.##....# ##+##
....... #..#....# #.##
....... ##.###+## #.##
....... #..##.# #.##
....l.K####.##.# ##.##
......†@.......# ##...#
.......####.(### ##..⌠..
....... ##.#####......
...#### #.'.....⌠.<.⌠ ..
#.#####...... .
#..#####..⌠..
##.....##(..#
#####..##.## ##.##.##


You could see a kobold and a frilled lizard.

Vanquished Creatures
  2 endoplasms (D:1)
  A giant cockroach (D:1)
  A quokka (D:1)
  A ball python (D:1)
  A bat (D:1)
  A rat (D:1)
7 creatures vanquished.

Notes
Turn   | Place    | Note
-------+----------+-------------------------------------------
     0 | D:1      | ticklebelly the Minotaur Berserker began the quest for the
                  | Orb.
     0 | D:1      | Reached XP level 1. HP: 19/19 MP: 0/0
   439 | D:1      | Slain by a kobold

Illustrated notes

Levels and vault maps discovered:
D:1:      evilmike_arrival_plus, layout_basic, minmay_cut_off

Skill      XL: |  1 |
---------------+----+-----
Fighting       | 4 |  4.0
Axes           | 4 |  4.0
Armour         | |  2.4
Dodging        | |  2.1

Action                   || total
-------------------------++-------
Melee: Hand axe          ||    16
       Headbutt          ||     2
 Stab: Sleeping          ||     1
Armor: Leather armour    ||     1
       Animal skin       ||     1
Dodge: Dodged            ||    11
